 Dungeon Crawl Stone Soup version 0.21-a0-529-g8c7b3f5d53 (webtiles) character file.

93 JackS81 the Cudgeler (level 4, 0/28 HPs)
             Began as a Gargoyle Fighter on Dec 10, 2017.
             Killed from afar by an orc wizard (7 damage)
             ... with a puff of flame
             ... on level 3 of the Dungeon.
             The game lasted 00:05:21 (1834 turns).

JackS81 the Cudgeler (Gargoyle Fighter)             Turns: 1834, Time: 00:05:24

Health: 0/28       AC: 10    Str: 24    XL:     4   Next: 62%
Magic:  4/4        EV:  7    Int:  9    God:
Gold:   62         SH:  9    Dex: 10    Spells: 3/3 levels left

rFire    . . .     SeeInvis .   a - +0 flail
rCold    . . .     Gourm    .   c - +0 shield
rNeg     + . .     Faith    .   b - +0 scale mail
rPois    ∞         Spirit   .   (no helmet)
rElec    +         Reflect  .   (no cloak)
rCorr    .         Harm     .   (no gloves)
MR       .....                  (no boots)
Stlth    ..........             (no amulet)
HPRegen  0.09/turn              (no ring)
MPRegen  0.09/turn              (no ring)

@: mighty
A: negative energy resistance 1, electricity resistance, unbreathing,
petrification resistance, rot immunity, AC +3
a: no special abilities


You were on level 3 of the Dungeon.
You were not hungry.

You visited 1 branch of the dungeon, and saw 3 of its levels.

You collected 62 gold pieces.

Inventory:

Hand Weapons
 a - a +0 flail (weapon)
Missiles
 h - 30 poisoned needles
 r - 2 needles of paralysis
 s - 36 arrows
 u - 30 bolts
Armour
 b - a +0 scale mail (worn)
 c - a +0 shield (worn)
Jewellery
 w - an uncursed ring of see invisible {unknown}
Wands
 t - a wand of random effects (25)
Scrolls
 e - 2 scrolls of enchant weapon {unknown}
 g - 2 scrolls of identify {unknown}
 j - 3 scrolls of remove curse {unknown}
Potions
 d - a potion of might
 i - a potion of resistance {unknown}
 k - 3 potions of invisibility {unknown}
 l - a potion of magic {unknown}
 m - a potion of flight {unknown}
 n - a potion of degeneration {unknown}
 o - a potion of lignification {unknown}
 q - a potion of mutation {unknown}
Comestibles
 f - 4 bread rations
 p - 2 royal jellies
 v - 6 chunks of flesh


   Skills:
 + Level 3.3 Fighting
 * Level 4.6 Maces & Flails
 + Level 3.2 Armour
 + Level 3.3 Shields


You had 3 spell levels left.
You didn't know any spells.

Dungeon Overview and Level Annotations

Branches:
Dungeon (3/15)

Altars:
Xom


Innate Abilities, Weirdness & Mutations

You are resistant to torment.
Your stone body is resilient. (AC +3)
You are immune to poison.
You resist negative energy. (rN+)
You are resistant to electric shocks. (rElec)
You can survive without breathing.
You are immune to petrification.
You are immune to rotting.


Message History

The orc barely misses you.
You thump the bat!
You kill the bat!
You block the orc's attack.
The orc wizard mumbles some strange words.
The orc wizard flickers and vanishes!
Deactivating autopickup; reactivate with Ctrl-A.
The orc priest casts a cantrip, but nothing happens.
You sock the orc!
You kill the orc!
You closely miss the orc. You block the orc's attack.
Something hits you but does no damage.
You closely miss something. Something hits you.
The orc priest invokes the aid of Beogh against you.
Beogh smites you!
* * * LOW HITPOINT WARNING * * *
You hear some strange, mumbled words.
A puff of flame appears from out of thin air!
The puff of flame hits you!
You die...

#.# ...#
######.########... ...
.................. ....
######.###.....#####....
#...## #.....# ......
###...####.....# ....###
..'...'........+ .......
###...####.....##)o..#
.......# #......@#
.......# #.#####)#
.......# #.# #.#
.......# #.# #.#
.......# #.. ...
######## ... #.. #.#.
#.#.


You could see an orc priest.

Vanquished Creatures
  4 adders (D:2)
  2 dart slugs
  A leopard gecko (D:2)
  2 orcs (D:3)
  3 ball pythons (D:2)
  6 goblins
  6 hobgoblins
  3 jackals (D:1)
  7 bats
  3 frilled lizards (D:1)
  8 kobolds
  7 rats
52 creatures vanquished.

Notes
Turn   | Place    | Note
-------+----------+-------------------------------------------
     0 | D:1      | JackS81 the Gargoyle Fighter began the quest for the Orb.
     0 | D:1      | Reached XP level 1. HP: 14/14 MP: 1/1
   126 | D:1      | Reached XP level 2. HP: 19/19 MP: 2/2
   156 | D:1      | Reached skill level 3 in Maces & Flails
   330 | D:1      | Reached XP level 3. HP: 20/23 MP: 3/3
   935 | D:2      | Found a shimmering altar of Xom.
   970 | D:2      | Reached skill level 4 in Maces & Flails
  1298 | D:2      | Reached XP level 4. HP: 28/28 MP: 4/4
  1834 | D:3      | Killed from afar by an orc wizard

Vault maps used:
D:1:      mrwooster_arrival_statue, minmay_octomino_c4
D:2:      xom_butterflies
D:3:      first_bread, minmay_joined_circles

Skill      XL: |  1  2  3 |
---------------+----------+-----
Maces & Flails | 3 4 |  4.6
Fighting       | |  3.3
Armour         | |  3.2
Shields        | |  3.3

Action                   |  1- 3 |  4- 6 || total
-------------------------+-------+-------++-------
Melee: Flail             |   136 |    63 ||   199
  Use: Potion            |       |     1 ||     1
  Eat: Chunk             |     1 |     2 ||     3
Armor: Scale mail        |    93 |    41 ||   134
Dodge: Dodged            |    47 |    20 ||    67
Block: Shield            |    82 |    39 ||   121

Table legend:
 A = Spawn XP
 B = Non-spawn XP
 C = Spawn XP percentage of total XP
 D = Spawn monster count
 E = Non-spawn monster count
 F = Spawn count percentage of total count
 G = Total turns spent on level
                    A         B        C        D         E        F      G
               +---------+---------+-------+---------+---------+-------+---------
         Total |       0 |     134 |   0.0 |       0 |      52 |   0.0 |  1834
               +---------+---------+-------+---------+---------+-------+---------
           D:1 |       0 |      48 |   0.0 |       0 |      31 |   0.0 |   879
           D:2 |       0 |      76 |   0.0 |       0 |      16 |   0.0 |   852
           D:3 |       0 |      10 |   0.0 |       0 |       5 |   0.0 |   103
               +---------+---------+-------+---------+---------+-------+---------
